PAA
LANNISTER UNITED LIONHEARTS @ MINNESOTA LOONS
09/14/2026
 
TOP OF THE 1ST
Lannister United Lionhearts batting - Pitching for Minnesota Loons : RHP Roy Shively
Pitching: RHP Roy Shively
Batting: LHB Walter Frampton 0-0: Ball
1-0: Called Strike
1-1: Foul Ball, location: 2F
1-2: Strikes out swinging
Batting: RHB Anselmo Berneu 0-0: Reached on error, E6 (Groundball, 6)
Batting: RHB IV Seacat 0-0: Called Strike
0-1: Fly out, F8 (Flyball, 8RM)
Batting: LHB Gonzalo Álvarez 0-0: Foul Ball, location: 2F
0-1: Fly out, F9 (Flyball, 89S)
Top of the 1st over - 0 run(s), 0 hit(s), 1 error(s), 1 left on base; Lannister United 0 - Minnesota 0
BOTTOM OF THE 1ST
Minnesota Loons batting - Pitching for Lannister United Lionhearts : RHP Kelsey MacGillivary
Pitching: RHP Kelsey MacGillivary
Batting: LHB Juan Aranda 0-0: Called Strike
0-1: Swinging Strike
0-2: Foul Ball, location: 2F
0-2: Foul Ball, location: 2F
0-2: Ball
1-2: Ball
2-2: Ball
3-2: Ground out 4-3 (Groundball, 4)
Batting: RHB Pierre Bernard 0-0: Ball
1-0: Called Strike
1-1: Swinging Strike
1-2: Ground out 4-3 (Groundball, 34D)
Batting: LHB Michael Malloy 0-0: Ball
1-0: Ground out 6-3 (Groundball, 6)
Bottom of the 1st over - 0 run(s), 0 hit(s), 0 error(s), 0 left on base; Lannister United 0 - Minnesota 0
TOP OF THE 2ND
Lannister United Lionhearts batting - Pitching for Minnesota Loons : RHP Roy Shively
Batting: LHB Colin Worthington 0-0: Swinging Strike
0-1: Swinging Strike
0-2: Foul Ball, location: 2F
0-2: Strikes out looking
Batting: RHB Junior Pittman 0-0: Ball
1-0: Foul Ball, location: 2F
1-1: Ball
2-1: Fly out, F7 (Flyball, 78M)
Batting: SHB Corey Neace 0-0: Ball
1-0: Foul Ball, location: 2F
1-1: Swinging Strike
1-2: Foul Ball, location: 2F
1-2: Strikes out swinging
Top of the 2nd over - 0 run(s), 0 hit(s), 0 error(s), 0 left on base; Lannister United 0 - Minnesota 0
BOTTOM OF THE 2ND
Minnesota Loons batting - Pitching for Lannister United Lionhearts : RHP Kelsey MacGillivary
Batting: RHB José Jarca 0-0: SOLO HOME RUN (Flyball, 7D), Distance : 357 ft
Batting: RHB Gilberto Rodríguez 0-0: Ball
1-0: Called Strike
1-1: SINGLE (Line Drive, 6D)
Batting: SHB Horatio McAllister 0-0: Ball
1-0: Ball
2-0: Swinging Strike
2-1: Ball
3-1: Base on Balls
Gilberto Rodríguez to second
Batting: RHB Todd Franklin 0-0: Ball
1-0: Called Strike
1-1: Foul Ball, location: 2F
1-2: Ball
2-2: Fly out, F3 (Line Drive, 34)
Lined into DP, U3 (Line Drive, 34)
Batting: RHB Joe Dundee 0-0: Called Strike
0-1: Foul Ball, location: 2F
0-2: SINGLE (Groundball, 3D)
Gilberto Rodríguez to third
Runner from 3rd tries for Home, SAFE, no throw
Batting: RHB Michael Garrett 0-0: Hit by Pitch
Joe Dundee to second
Batting: LHB Juan Aranda 0-0: Called Strike
0-1: Swinging Strike
0-2: Foul Ball, location: 2F
0-2: Ball
1-2: Strikes out swinging
Bottom of the 2nd over - 2 run(s), 3 hit(s), 0 error(s), 2 left on base; Lannister United 0 - Minnesota 2
TOP OF THE 3RD
Lannister United Lionhearts batting - Pitching for Minnesota Loons : RHP Roy Shively
Batting: SHB Daniel Godart 0-0: Ball
1-0: Ball
2-0: Ground out 6-3 (Groundball, 6)
Batting: RHB Martín Alejadre 0-0: Ball
1-0: Foul Ball, location: 2F
1-1: SINGLE (Line Drive, 34D)
Batting: LHB Walter Frampton 0-0: Ball
Martín Alejadre is caught stealing 2nd base
1-0: Ball
2-0: Ball
3-0: Base on Balls
Batting: RHB Anselmo Berneu 0-0: Swinging Strike
0-1: Ball
1-1: Foul Ball, location: 2F
1-2: Strikes out swinging
Top of the 3rd over - 0 run(s), 1 hit(s), 0 error(s), 1 left on base; Lannister United 0 - Minnesota 2
BOTTOM OF THE 3RD
Minnesota Loons batting - Pitching for Lannister United Lionhearts : RHP Kelsey MacGillivary
Batting: RHB Pierre Bernard 0-0: Ball
1-0: Ball
2-0: Foul Ball, location: 2F
2-1: Ball
3-1: Bunt for hit - play at first, batter OUT! 1-3
Batting: LHB Michael Malloy 0-0: Ball
1-0: Ball
2-0: Foul Ball, location: 2F
2-1: Ball
3-1: Base on Balls
Batting: RHB José Jarca 0-0: Called Strike
0-1: Fly out, F6 (Line Drive, 6)
Batting: RHB Gilberto Rodríguez 0-0: Ball
1-0: Foul Ball, location: 2F
1-1: Ball
2-1: Ball
3-1: Fly out, F8 (Flyball, 78M)
Bottom of the 3rd over - 0 run(s), 0 hit(s), 0 error(s), 1 left on base; Lannister United 0 - Minnesota 2
TOP OF THE 4TH
Lannister United Lionhearts batting - Pitching for Minnesota Loons : RHP Roy Shively
Batting: RHB IV Seacat 0-0: Ball
1-0: Called Strike
1-1: Swinging Strike
1-2: Ball
2-2: Strikes out swinging
Batting: LHB Gonzalo Álvarez 0-0: Foul Ball, location: 2F
0-1: Foul Ball, location: 2F
0-2: Strikes out swinging
Batting: LHB Colin Worthington 0-0: Ball
1-0: Ball
2-0: Ball
3-0: Base on Balls
Batting: RHB Junior Pittman 0-0: SINGLE (Groundball, 56S) (infield hit)
Colin Worthington to second
Batting: SHB Corey Neace 0-0: Foul Ball, location: 2F
0-1: Ball
1-1: Ball
2-1: Swinging Strike
2-2: Ball
3-2: Strikes out swinging
Top of the 4th over - 0 run(s), 1 hit(s), 0 error(s), 2 left on base; Lannister United 0 - Minnesota 2
BOTTOM OF THE 4TH
Minnesota Loons batting - Pitching for Lannister United Lionhearts : RHP Kelsey MacGillivary
Batting: SHB Horatio McAllister 0-0: Fly out, F8 (Flyball, 8RM)
Batting: RHB Todd Franklin 0-0: Ball
1-0: Ball
2-0: Ball
3-0: Base on Balls
Batting: RHB Joe Dundee 0-0: Ball
Todd Franklin steals 2nd base
1-0: Ball
2-0: Called Strike
2-1: Called Strike
2-2: Fly out, F8 (Line Drive, 8LD)
Runner from 2nd tags up, SAFE at 3rd, no throw
Batting: RHB Michael Garrett 0-0: Ball
Wild Pitch!
Todd Franklin scores
1-0: Foul Ball, location: 2F
1-1: Fly out, F9 (Flyball, 9)
Bottom of the 4th over - 1 run(s), 0 hit(s), 0 error(s), 0 left on base; Lannister United 0 - Minnesota 3
TOP OF THE 5TH
Lannister United Lionhearts batting - Pitching for Minnesota Loons : RHP Roy Shively
Batting: SHB Daniel Godart 0-0: Ball
1-0: Foul Ball, location: 2F
1-1: Foul Ball, location: 2F
1-2: Fly out, F9 (Flyball, 9)
Batting: RHB Martín Alejadre 0-0: Ground out 4-3 (Groundball, 4)
Batting: LHB Walter Frampton 0-0: Called Strike
0-1: Swinging Strike
0-2: Strikes out swinging
Top of the 5th over - 0 run(s), 0 hit(s), 0 error(s), 0 left on base; Lannister United 0 - Minnesota 3
BOTTOM OF THE 5TH
Minnesota Loons batting - Pitching for Lannister United Lionhearts : RHP Kelsey MacGillivary
Batting: LHB Juan Aranda 0-0: Ball
1-0: Ball
2-0: Called Strike
2-1: Called Strike
2-2: Fly out, F7 (Flyball, 7)
Batting: RHB Pierre Bernard 0-0: Called Strike
0-1: Called Strike
0-2: Fly out, F8 (Line Drive, 8LM)
Batting: LHB Michael Malloy 0-0: Called Strike
0-1: Ground out U3 (Groundball, 3)
Bottom of the 5th over - 0 run(s), 0 hit(s), 0 error(s), 0 left on base; Lannister United 0 - Minnesota 3
TOP OF THE 6TH
Lannister United Lionhearts batting - Pitching for Minnesota Loons : RHP Roy Shively
Batting: RHB Anselmo Berneu 0-0: Swinging Strike
0-1: Ball
1-1: Swinging Strike
1-2: Foul Ball, location: 2F
1-2: Foul Ball, location: 2F
1-2: SOLO HOME RUN (Flyball, 8LXD), Distance : 429 ft
Batting: RHB IV Seacat 0-0: Called Strike
0-1: Swinging Strike
0-2: Foul Ball, location: 2F
0-2: Ball
1-2: Fly out, F6 (Line Drive, 56)
Batting: LHB Gonzalo Álvarez 0-0: Ball
1-0: Swinging Strike
1-1: Foul Ball, location: 2F
1-2: Ball
2-2: Strikes out swinging
Batting: LHB Colin Worthington 0-0: Called Strike
0-1: Swinging Strike
0-2: Strikes out looking
Top of the 6th over - 1 run(s), 1 hit(s), 0 error(s), 0 left on base; Lannister United 1 - Minnesota 3
BOTTOM OF THE 6TH
Minnesota Loons batting - Pitching for Lannister United Lionhearts : RHP Kelsey MacGillivary
Batting: RHB José Jarca 0-0: SINGLE (Line Drive, 89S)
Batting: RHB Gilberto Rodríguez 0-0: Ball
1-0: SINGLE (Flyball, 3D)
José Jarca to second
Runner from 2nd tries for 3rd, SAFE, no throw
Batting: SHB Horatio McAllister 0-0: Called Strike
0-1: DOUBLE (Flyball, 8RD)
José Jarca scores
Gilberto Rodríguez to third
Pitching: RHP José Montalópez
Batting: RHB Todd Franklin 0-0: Foul Ball, location: 2F
0-1: Ball
1-1: Fly out, F9 (Flyball, 9)
Batting: RHB Joe Dundee 0-0: Ground out 6-3 (Groundball, 6)
Batting: RHB Michael Garrett 0-0: Ball
1-0: Swinging Strike
1-1: Ground out 1-3 (Groundball, 13)
Bottom of the 6th over - 1 run(s), 3 hit(s), 0 error(s), 2 left on base; Lannister United 1 - Minnesota 4
TOP OF THE 7TH
Lannister United Lionhearts batting - Pitching for Minnesota Loons : RHP Roy Shively
Batting: RHB Junior Pittman 0-0: Ball
1-0: Ball
2-0: Called Strike
2-1: Foul Ball, location: 2F
2-2: Foul Ball, location: 2F
2-2: Strikes out swinging
Batting: SHB Corey Neace 0-0: Ball
1-0: Called Strike
1-1: Ball
2-1: Called Strike
2-2: Foul Ball, location: 2F
2-2: Strikes out looking
Batting: SHB Daniel Godart 0-0: Ball
1-0: Called Strike
1-1: Foul Ball, location: 2F
1-2: Ball
2-2: Foul Ball, location: 2F
2-2: Ball
3-2: Foul Ball, location: 2F
3-2: Fly out, F9 (Line Drive, 9)
Top of the 7th over - 0 run(s), 0 hit(s), 0 error(s), 0 left on base; Lannister United 1 - Minnesota 4
BOTTOM OF THE 7TH
Minnesota Loons batting - Pitching for Lannister United Lionhearts : RHP José Montalópez
Batting: LHB Juan Aranda 0-0: Ball
1-0: Ball
2-0: Ball
3-0: Called Strike
3-1: Fly out, F8 (Flyball, 78S)
Batting: RHB Pierre Bernard 0-0: SINGLE (Line Drive, 8RS)
Batting: LHB Michael Malloy 0-0: Swinging Strike
0-1: Foul Ball, location: 2F
0-2: Ball
1-2: Foul Ball, location: 2F
1-2: Ground out 4-3 (Groundball, 34)
Pierre Bernard to second
Batting: RHB José Jarca 0-0: Ball
1-0: Foul Ball, location: 2F
1-1: Foul Ball, location: 2F
1-2: Fly out, F3 (Popup, 34S)
Bottom of the 7th over - 0 run(s), 1 hit(s), 0 error(s), 1 left on base; Lannister United 1 - Minnesota 4
TOP OF THE 8TH
Lannister United Lionhearts batting - Pitching for Minnesota Loons : RHP Roy Shively
Pitching: RHP José Larranaga
Batting: RHB Martín Alejadre 0-0: Called Strike
0-1: Ball
1-1: Foul Ball, location: 2F
1-2: Strikes out swinging
Batting: LHB Walter Frampton 0-0: Foul Ball, location: 2F
0-1: Foul Ball, location: 2F
0-2: Ball
1-2: Ball
2-2: Foul Ball, location: 2F
2-2: Foul Ball, location: 2F
2-2: Ball
3-2: Strikes out swinging
Batting: RHB Anselmo Berneu 0-0: Ground out 4-3 (Groundball, 4)
Top of the 8th over - 0 run(s), 0 hit(s), 0 error(s), 0 left on base; Lannister United 1 - Minnesota 4
BOTTOM OF THE 8TH
Minnesota Loons batting - Pitching for Lannister United Lionhearts : RHP José Montalópez
Batting: RHB Gilberto Rodríguez 0-0: Ball
1-0: Fly out, F7 (Flyball, 7LMF)
Batting: SHB Horatio McAllister 0-0: Foul Ball, location: 2F
0-1: Foul Ball, location: 2F
0-2: Strikes out swinging
Batting: RHB Todd Franklin 0-0: Called Strike
0-1: Ball
1-1: Ball
2-1: Ground out 1-3 (Groundball, 13)
Bottom of the 8th over - 0 run(s), 0 hit(s), 0 error(s), 0 left on base; Lannister United 1 - Minnesota 4
TOP OF THE 9TH
Lannister United Lionhearts batting - Pitching for Minnesota Loons : RHP José Larranaga
Pitching: LHP Luis Domínguez
Batting: RHB IV Seacat 0-0: Ball
1-0: Ground out 1-3 (Groundball, P)
Batting: LHB Gonzalo Álvarez 0-0: Ball
1-0: Called Strike
1-1: Swinging Strike
1-2: Ball
2-2: Foul Ball, location: 2F
2-2: Foul Ball, location: 2F
2-2: Strikes out swinging
Batting: LHB Colin Worthington 0-0: Foul Ball, location: 2F
0-1: Ball
1-1: Foul Ball, location: 2F
1-2: Ball
2-2: Foul Ball, location: 2F
2-2: Ground out 4-3 (Groundball, 4MS)
Top of the 9th over - 0 run(s), 0 hit(s), 0 error(s), 0 left on base; Lannister United 1 - Minnesota 4
Monday, March 20th, 2017 - OOTP Baseball 17.12 Build 75